 Dungeon Crawl Stone Soup version 0.32-a0-38-gb04dd89b9b (webtiles) character file.

Game seed: 6577518407096055504

129 mightbedylan the Conjurer (level 5, -1/32 HPs)
             Began as a Tengu Reaver on Jan 23, 2024.
             Slain by an orc
             ... wielding a +0 club
              (4 damage)
             ... on level 2 of the Dungeon.
             The game lasted 00:04:45 (1308 turns).

mightbedylan the Conjurer (Tengu Reaver)            Turns: 1308, Time: 00:04:46

Health: -1/32      AC:  4    Str: 14    XL:     5   Next: 12%
Magic:  8/10       EV: 27    Int: 13    God:
Gold:   89         SH:  0    Dex: 13    Spells: 8/9 levels left

rFire   . . .        a - +0 spear
rCold   . . .        (no shield)
rNeg    . . .        b - +0 leather armour
rPois   .            (helmet restricted)
rElec   .            (no cloak)
rCorr   .            e - +0 pair of gloves
SInv    .            (boots unavailable)
Will    .....        (no amulet)
Stlth   +            (no ring)
HPRegen 0.25/turn    (no ring)
MPRegen 0.12/turn

%: acrobat
@: acrobatic
A: beak, talons 3, acrobatic
a: no special abilities


You were on level 2 of the Dungeon.
You visited 1 branch of the dungeon, and saw 2 of its levels.

You collected 92 gold pieces.
You donated 3 gold pieces to Zin.

Inventory:

Hand Weapons
 a - a +0 spear (weapon)
 g - a -3 hand axe
Armour
 b - a +0 leather armour (worn)
 d - a +0 helmet
 e - a +0 pair of gloves (worn)
Scrolls
 f - 2 scrolls of noise {unknown}
 h - a scroll of brand weapon {unknown}
Potions
 c - 2 potions of lignification {unknown}
 i - a potion of degeneration {unknown}
 j - a potion of curing {unknown}
 k - a potion of magic {unknown}
 l - a potion of might {unknown}


   Skills:
 + Level 2.8 Fighting
 + Level 4.0 Polearms
 + Level 3.1 Dodging
 + Level 2.7 Spellcasting
 + Level 4.9 Conjurations


You had 8 spell levels left.
You knew the following spells:

 Your Spells              Type           Power      Damage    Failure   Level
a - Kiss of Death         Conj/Necr      32%        2d7       11%         1

Your spell library contained the following spells:

 Spells                   Type           Power      Damage    Failure   Level
 Momentum Strike          Conj/Tloc      16%        3d8       16%         2
 Summon Small Mammal      Summ           4%         N/A       30%         1
 Hailstorm                Conj/Ice       8%         3d5       32%         3
 Mercury Vapours          Alch/Air       2%         N/A       41%         2
 Mephitic Cloud           Conj/Alch/Air  6%         N/A       41%         3
 Call Canine Familiar     Summ           1%         N/A       65%         3
 Summon Blazeheart Golem  Fire/Summ      1%         N/A       96%         4
 Freezing Cloud           Conj/Ice/Air   3%         6-21      99%         5


Dungeon Overview and Level Annotations

Branches:
Dungeon (2/15)

Altars:
Zin


Innate Abilities, Weirdness & Mutations

You have a beak for a mouth.
You have claws for feet.
You can magically evade attacks while moving or waiting.


Message History

The orc closely misses you.
You hit the orc.
You kill the orc!
You hit something. Something hits you but does no damage.
You hit something. Your peck misses something. Something hits you.
You miss something. You claw something. Your peck misses something.
You barely miss something. Something hits you but does no damage.
You miss something. Your kick misses something. Something hits you.
You barely miss something. Your kick misses something.
Your peck misses something. Something hits you but does no damage.
You hit something but do no damage. Your kick misses something.
Something hits you but does no damage.
You closely miss something. Something hits you.
You miss something.
You hear some strange, mumbled words.
A magic dart appears from out of thin air!
The magic dart hits you.
You completely miss something. Your kick misses something.
Your peck misses something. Something barely misses you.
You hit something. Your kick misses something. Something barely misses you.
You miss something. Your peck misses something.
You hear some strange, mumbled words.
A magic dart appears from out of thin air!
The magic dart hits you.
You hit something. Your kick misses something. Your peck misses something.
Something hits you but does no damage.
You miss something. Your peck misses something.
You hear some strange, mumbled words.
A puff of flame appears from out of thin air!
The puff of flame hits you!
* * * LOW HITPOINT WARNING * * *
You hit something but do no damage. Your kick misses something.
Something hits you but does no damage.
You hit something.
Reactivating autopickup.
You feel a bit more experienced.
Your Polearms skill increases to level 4!
You have reached level 5!
The orc hits you with a +0 club.
You die...

#.#..<.........##.# #..≈~..~#
#.#.#.####.....##.# ##..≈~..#
#.#.#..........##.#####.≈≈...##
#.#########....##.......≈≈.....
#. [......'.)..#########≈≈#..##
########....# #≈##..# ####.#
#≈##..# #.# #####..# #@#
#......## #o# ## #......## #.#
##†########### #.###.#.##
..##.#.#.## ###.#.#.#.##
##.#.###.#.## ##.#.##.##.#.##
##.#.##.#.##.#.##


You could see an orc.

Vanquished Creatures
  A bombardier beetle (D:2)
  An orc wizard (D:2)
  3 adders (D:2)
  A ribbon worm (D:2)
  A dart slug (D:1)
  2 orcs (D:2)
  4 endoplasms
  2 giant cockroaches
  4 goblins
  A hobgoblin (D:1)
  3 jackals (D:1)
  2 quokkas
  A ball python (D:1)
  A bat (D:2)
  2 frilled lizards (D:1)
  A kobold (D:1)
  4 rats
34 creatures vanquished.

Notes
Turn   | Place    | Note
-------+----------+-------------------------------------------
     0 | D:1      | mightbedylan the Tengu Reaver began the quest for the Orb.
     0 | D:1      | Reached XP level 1. HP: 12/12 MP: 4/4
    69 | D:1      | Reached XP level 2. HP: 15/17 MP: 6/6
   141 | D:1      | Found a faded altar of an unknown god.
   466 | D:1      | Prayed at the altar of an unknown god.
   466 | D:1      | Became a worshipper of Zin the Law-Giver
   466 | D:1      | Reached * piety under Zin
   468 | D:1      | Fell from the grace of Zin
   880 | D:2      | Reached XP level 3. HP: 21/21 MP: 7/7
  1064 | D:2      | Reached XP level 4. HP: 27/27 MP: 8/8
  1308 | D:2      | Reached XP level 5. HP: 3/32 MP: 8/10
  1308 | D:2      | Slain by an orc

Illustrated notes

Levels and vault maps discovered:
D:1:      minmay_arrival_wavy_path, layout_rooms, ebering_ecumenical_altar_rust,
          serial_bayou, serial_bayou_pond_e, serial_bayou_crossing,
          serial_bayou_lake_a, serial_bayou_lagoon_a, serial_bayou_pond_a,
          serial_bayou_pond_d, kennysheep_decorative_pillar
D:2:      minmay_inner_zag, layout_basic, serial_rivers,
          chequers_serial_rivers_micro_c, chequers_serial_rivers_micro_a,
          chequers_serial_rivers_micro_d, chequers_serial_rivers_small_3,
          minmay_distorted, uniq_crazy_yiuf_cottage

Skill      XL: |  1  2  3  4 |
---------------+-------------+-----
Dodging        | 3 |  3.1
Polearms       | 4 |  4.0
Fighting       | |  2.8
Spellcasting   | |  2.7
Conjurations   | |  4.9

Action                     |  1- 3 |  4- 6 || total
---------------------------+-------+-------++-------
  Melee: Spear             |    84 |    53 ||   137
         Peck              |    15 |     1 ||    16
         Kick              |    15 |     4 ||    19
   Cast: Kiss of Death     |     1 |       ||     1
 Invoke: Renounce Religion |     1 |       ||     1
   Stab: Sleeping          |     2 |       ||     2
 Armour: Leather armour    |    21 |    28 ||    49
  Dodge: Dodged            |    26 |    25 ||    51

Table legend: (Time is in decaauts)
 A = Elapsed time spent in this place.
 B = Non-inter-level travel time spent in this place.
 C = Inter-level travel time spent in this place.
 D = Time resting spent in this place.
 E = Time spent auto-exploring this place.
 F = Levels seen in this place.
 G = Mean time per level.
                   A        B        C        D        E       F      G
               +--------+--------+--------+--------+--------+-----+--------+
         Total |   1335 |   1314 |     21 |      0 |   1004 |   2 |  667.5 |
       Dungeon |   1335 |   1314 |     21 |      0 |   1004 |   2 |  667.5 |
               +--------+--------+--------+--------+--------+-----+--------+

Top non-repeatable levels by time:
     D:1: 820 daAuts
     D:2: 515 daAuts
